 Dungeon Crawl Stone Soup version 0.24-a0-525-g9231cdcba1 (webtiles) character file.

Game seed: 15684223396933279979

13069 BinkBink the Basher (level 11, -4/104 HPs)
             Began as a Deep Dwarf Berserker on Aug 4, 2019.
             Was a Priest of Trog.
             Slain by a very large slime creature (36 damage)
             ... on level 11 of the Dungeon.
             The game lasted 00:24:52 (9177 turns).

BinkBink the Basher (Deep Dwarf Berserker)          Turns: 9177, Time: 00:24:53

Health: -4/104     AC: 15    Str: 24    XL:     11   Next: 70%
Magic:  4/4        EV:  7    Int:  8    God:    Trog [***...]
Gold:   586        SH: 10    Dex: 12    Spells: 10/10 levels left

rFire    . . .     SeeInvis .   y - +6 flail
rCold    + . .     Gourm    .   C - +0 shield
rNeg     . . .     Faith    .   s - +0 plate armour
rPois    .         Spirit   .   B - +1 hat
rElec    .         Reflect  .   D - scarf {repulsion}
rCorr    .         Harm     .   (no gloves)
MR       +....                  (no boots)
Stlth    ..........             (no amulet)
HPRegen  0.00/turn              A - ring of flight
MPRegen  0.09/turn              E - ring of protection from cold

@: berserk cooldown, non-regenerating, slowed, repel missiles, very slow
A: damage resistance, heal wounds, sense surroundings 2, no regeneration
a: Heal Wounds, Berserk, Trog's Hand, Renounce Religion, Evoke Flight


You were on level 11 of the Dungeon.
You worshipped Trog.
Trog was most pleased with you.
You were not hungry.

You visited 1 branch of the dungeon, and saw 12 of its levels.

You collected 586 gold pieces.

Inventory:

Hand Weapons
 y - a +6 flail (weapon)
Armour
 s - a +0 plate armour (worn)
 B - a +1 hat (worn)
 C - a +0 shield (worn)
 D - a scarf of repulsion (worn)
Jewellery
 A - a ring of flight (left hand)
 E - a ring of protection from cold (right hand)
 H - an uncursed ring of protection from magic {unknown}
 J - an uncursed ring of fire {unknown}
 K - a cursed -2 ring of protection {unknown}
Wands
 a - a wand of polymorph (9)
 m - a wand of clouds (5)
 r - a wand of iceblast (6)
 t - a wand of paralysis (11)
 w - a wand of flame (20)
 x - a wand of scattershot (4)
 F - a wand of disintegration (5)
Scrolls
 f - 2 scrolls of random uselessness
 h - a scroll of teleportation
 i - 5 scrolls of magic mapping
 k - 5 scrolls of remove curse
 n - 10 scrolls of identify
 q - 5 scrolls of blinking
 v - a scroll of fog {unknown}
 G - a scroll of fear
 I - a scroll of noise {unknown}
 L - 3 scrolls of vulnerability {unknown}
Potions
 b - a potion of brilliance {unknown}
 d - 3 potions of agility {unknown}
 e - a potion of ambrosia {unknown}
 g - 2 potions of haste {unknown}
 j - 5 potions of curing
 l - a potion of berserk rage
 o - 2 potions of heal wounds {unknown}
 p - 5 potions of flight {unknown}
 u - 2 potions of might {unknown}
 z - a potion of resistance {unknown}
Comestibles
 c - 14 rations


   Skills:
 + Level 8.3 Fighting
   Level 5.6(10.4) Axes
 + Level 12.4(12.7) Maces & Flails
 + Level 10.4 Armour
 + Level 4.1 Dodging
 + Level 0.9 Stealth
 + Level 3.6 Shields


You had 10 spell levels left.
You didn't know any spells.
Your spell library contained the following spells:

 Spells                   Type           Power        Failure   Level  Hunger
 Beastly Appendage        Tmut           #.....       100%        1    ##.....
 Corona                   Hex            #......      100%        1    ##.....
 Ensorcelled Hibernation  Hex/Ice        #.....       100%        2    ###....
 Poisonous Vapours        Pois/Air       #.....       100%        2    ###....
 Sticks to Snakes         Tmut           #.......     100%        2    ###....
 Confuse                  Hex            #.......     100%        3    ####...
 Conjure Flame            Conj/Fire      #.......     100%        3    ####...
 Dazzling Spray           Conj/Hex       #.....       100%        3    ####...
 Mephitic Cloud           Conj/Pois/Air  #.......     100%        3    ####...
 Spider Form              Tmut/Pois      #.........   100%        3    ####...
 Tukima's Dance           Hex            #.......     100%        3    ####...
 Cause Fear               Hex            #.........   100%        4    #####..
 Ice Form                 Ice/Tmut       #.......     100%        4    #####..
 Blade Hands              Tmut           #.........   100%        5    ######.
 Silence                  Hex/Air        #.........   100%        5    ######.
 Yara's Violent Unravell  Hex/Tmut       #.........   100%        5    ######.
 Deflect Missiles         Chrm/Air       #.........   100%        6    #######
 Freezing Cloud           Conj/Ice/Air   #.........   100%        6    #######
 Ring of Flames           Chrm/Fire      #.........   100%        7    #######
 Discord                  Hex            #.........   100%        8    #######


Dungeon Overview and Level Annotations

Branches:
Dungeon (12/15)            Temple (0/1) D:6            Lair (0/6) D:11
    Orc (0/2) D:10

Altars:
Ashenzari
Elyvilon
Fedhas
Gozag
Kikubaaqudgha
Nemelex Xobeh
Okawaru
Sif Muna
Trog
Vehumet
Xom
The Shining One
Beogh

Shops:
D:9 *


Innate Abilities, Weirdness & Mutations

You are resistant to damage.
You can heal yourself by infusing magical energy.
You passively map the area around you.
You do not regenerate.


Message History

You hit the large slime creature.
The large slime creature is severely wounded.
Two slime creatures merge to form a very large slime creature.
You sock the very large slime creature!
The very large slime creature is severely wounded.
The very large slime creature hits you!
You hit the very large slime creature.
The very large slime creature is severely wounded.
You block the very large slime creature's attack.
The very large slime creature hits you!!
* * * LOW HITPOINT WARNING * * *
You thump the very large slime creature!
The very large slime creature is severely wounded.
The very large slime creature barely misses you.
You hit the very large slime creature.
The very large slime creature is severely wounded.
Your skin stops crawling.
You feel less resistant to hostile enchantments.
The very large slime creature hits you!!!
You die...

##### #.###.#######
##...## #.# #.#
#.....#####.# #.#######
#...........# #........
#.....############..###
##..J## #.........#
##.## #.#######.#
#########.#######.# #.#
#..........J@.....# #.#
#.#######.######### #.#
#.# #.# #.# #.# #.# #.#
#.# #.# #.# #.# #.# #.#
#.# #.# #.# #.# #.# #.#
#.# #.# #.#


You could see a very large slime creature.

Vanquished Creatures
  Gastronok (D:8)
  Erica (D:8)
  Pikel (D:6)
  An ugly thing (D:11)
  A slime creature (D:11)
  A centaur zombie (D:11)
  A centaur skeleton (D:11)
  A troll (D:10)
  A polar bear (D:10)
  2 hippogriffs
  A vampire (D:11)
  A wyvern (D:9)
  A centaur simulacrum (D:10)
  A yak (D:10)
  A human (D:9)
  A hungry ghost (D:9)
  3 vampire mosquitoes (D:10)
  2 wargs (D:11)
  10 orc warriors
  4 phantoms
  2 black bears
  3 necrophages
  3 sky beasts
  A slave (D:6)
  4 ogres
  5 ice beasts
  5 centaurs
  A wolf (D:10)
  2 big kobolds (D:10)
  4 bullfrogs
  Blork the orc (D:6)
  2 gnoll sergeants
  A wyvern skeleton (D:10)
  3 scorpions
  9 wights
  13 killer bees
  An electric eel (D:10)
  A howler monkey (D:9)
  4 crimson imps
  4 jellies
  A bullfrog zombie (D:10)
  13 orc priests
  2 hounds
  12 orc wizards
  A gnoll shaman (D:4)
  3 iguanas
  Natasha (D:2)
  5 worker ants
  2 killer bee zombies
  A worker ant zombie (D:6)
  17 gnolls
  10 adders
  4 shadow imps
  3 white imps (D:10)
  3 oozes
  2 adder skeletons
  3 adder zombies
  A worm (D:4)
  4 dart slugs
  6 leopard geckos
  50 orcs
  7 giant cockroaches
  9 hobgoblins
  24 jackals
  15 kobolds
  4 quokkas
  A ball python (D:4)
  7 bats
  6 frilled lizards
  9 goblins
  A leopard gecko zombie (D:5)
  4 rats
336 creatures vanquished.

Vanquished Creatures (others)
  A necrophage (D:8)
  An orc (D:10)
  4 kobolds (D:10)
6 creatures vanquished.

Grand Total: 342 creatures vanquished

Notes
Turn   | Place    | Note
-------+----------+-------------------------------------------
     0 | D:1      | BinkBink the Deep Dwarf Berserker began the quest for the
                  | Orb.
     0 | D:1      | Reached XP level 1. HP: 20/20 MP: 1/1
    99 | D:1      | Reached XP level 2. HP: 27/27 MP: 1/1
   494 | D:2      | Found an opulent altar of Gozag.
   523 | D:2      | Reached ** piety under Trog
   523 | D:2      | Reached XP level 3. HP: 27/34 MP: 2/2
   560 | D:2      | Found a sparkling altar of Nemelex Xobeh.
   942 | D:2      | Noticed Natasha
   950 | D:2      | Killed Natasha
   950 | D:2      | Reached skill level 4 in Maces & Flails
   950 | D:2      | Reached XP level 4. HP: 23/42 MP: 3/3
  1385 | D:3      | Reached XP level 5. HP: 27/49 MP: 4/4
  1925 | D:3      | Reached *** piety under Trog
  1935 | D:3      | Reached skill level 5 in Maces & Flails
  2071 | D:4      | Reached XP level 6. HP: 56/56 MP: 5/5
  2475 | D:4      | Found a bloodstained altar of Trog.
  2476 | D:4      | Found an iron altar of Okawaru.
  2533 | D:5      | Entered Level 5 of the Dungeon
  2581 | D:5      | Reached skill level 1 in Axes
  2616 | D:5      | Reached XP level 7. HP: 46/63 MP: 6/6
  2639 | D:5      | Reached skill level 5 in Armour
  2686 | D:5      | Found a sparkling altar of Nemelex Xobeh.
  3147 | D:6      | Reached XP level 8. HP: 68/73 MP: 7/7
  3176 | D:6      | Found a deep blue altar of Sif Muna.
  3306 | D:6      | Reached skill level 5 in Axes
  3315 | D:6      | HP: 1/73 [orc warrior/+0 glaive (7)]
  3439 | D:6      | Noticed Blork the orc
  3447 | D:6      | Killed Blork the orc
  3489 | D:6      | Found a staircase to the Ecumenical Temple.
  3492 | D:6      | Reached skill level 5 in Fighting
  3492 | D:6      | Reached skill level 6 in Maces & Flails
  3665 | D:6      | Found a blossoming altar of Fedhas.
  3697 | D:6      | Reached **** piety under Trog
  3697 | D:6      | Gained mutation: You passively map the area around you.
                  | [Deep Dwarf growth]
  3697 | D:6      | Reached XP level 9. HP: 46/81 MP: 7/7
  3699 | D:6      | Noticed Pikel
  3727 | D:6      | Killed Pikel
  3727 | D:6      | Reached skill level 7 in Maces & Flails
  4052 | D:7      | Found an ancient bone altar of Kikubaaqudgha.
  4143 | D:7      | Reached skill level 8 in Maces & Flails
  4149 | D:7      | Found a shimmering altar of Xom.
  4154 | D:7      | Found a shimmering altar of Xom.
  4357 | D:7      | Found a radiant altar of Vehumet.
  4362 | D:7      | Reached skill level 9 in Maces & Flails
  4364 | D:7      | Found a shattered altar of Ashenzari.
  4771 | D:7      | Found a glowing golden altar of the Shining One.
  5078 | D:8      | Noticed Gastronok
  5124 | D:8      | Reached XP level 10. HP: 65/91 MP: 7/7
  5299 | D:8      | Reached skill level 10 in Maces & Flails
  5382 | D:8      | Found a white marble altar of Elyvilon.
  5399 | D:8      | Noticed Erica
  5408 | D:8      | Noticed a manticore
  5590 | D:8      | Killed Gastronok
  5829 | D:8      | Killed Erica
  5829 | D:8      | Reached skill level 11 in Maces & Flails
  5926 | D:9      | Found Bydwics's Demolitions Depot.
  6293 | D:9      | Reached XP level 11. HP: 65/100 MP: 6/6
  6861 | D:9      | Reached skill level 10 in Armour
  7226 | D:10     | Entered Level 10 of the Dungeon
  7349 | D:10     | Reached skill level 1 in Shields
  7693 | D:10     | Found a staircase to the Orcish Mines.
  7708 | D:10     | Found a roughly hewn altar of Beogh.
  8132 | D:10     | Reached skill level 12 in Maces & Flails
  8363 | D:11     | Found a staircase to the Lair.
  8820 | D:11     | Noticed a purple ugly thing
  8838 | D:11     | Killed a purple ugly thing
  9066 | D:11     | HP: 4/103 [slime creature (2)]
  9156 | D:11     | HP: 5/156 [large slime creature (26)]
  9177 | D:11     | Slain by a very large slime creature

Levels and vault maps discovered:
D:1:      shiori_shiawase, layout_basic
D:2:      layout_loops_cross, grunt_gozag_breadcrumbs, lemuel_round_altar,
          uniq_natasha
D:3:      layout_basic, kennysheep_generic_room_3
D:4:      layout_cave_pools, grunt_temple_overflow_bloody_war
D:5:      layout_cave_pools, first_ration, st_stairs_7,
          nemelex_xobeh_ov_fountains_minmay
D:6:      layout_loops_ring, fedhas_bush_and_centaur_altar,
          minmay_temple_entry_proselytizer, led_sif_pool, uniq_pikel,
          uniq_blork_the_orc
D:7:      layout_loops_ring, kiku_gazebo_pond_becter, tso_altar,
          xom_redecorated, grunt_temple_overflow_open, serial_glass,
          glass_columns_c, glass_columns_b
D:8:      layout_loops_cross, elyvilon_altar_3, serial_undead, serial_undead_b,
          serial_undead_b, serial_undead_a, serial_undead_f, uniq_erica,
          uniq_gastronok
D:9:      layout_layer_cave, grunt_pizzeria, nicolae_blasting_shop
D:10:     layout_stronghold, minmay_orc_entry_temple_small, serial_ice,
          serial_ice_o, serial_ice_m, serial_ice_l, serial_ice_c, nrook_uturn
D:11:     layout_loops_ring, erik_lair_orcish_takeover
D:12:     layout_basic, serial_shops, nicolae_shop_stone,
          minmay_checkered_concentric_circles

Skill      XL: |  1  2  3  4  5  6  7  8  9 10 11 |
---------------+----------------------------------+-----
Fighting       | 3 4 5 6 7 8 |  8.3
Maces & Flails | 4 5 6 9 11 12 | 12.4
Armour         | 3 4 5 7 8 9 10 | 10.4
Axes           | 1 4 5 |  5.6
Dodging        | 3 4 |  4.1
Shields        | 3 |  3.6
Stealth        | |  0.9

Action                   |  1- 3 |  4- 6 |  7- 9 | 10-12 || total
-------------------------+-------+-------+-------+-------++-------
Melee: Mace              |   107 |   197 |       |       ||   304
       Battleaxe         |       |    64 |    69 |       ||   133
       Flail             |       |       |   284 |   596 ||   880
Invok: Trog's Hand       |     1 |     6 |    15 |    25 ||    47
       Berserk           |       |       |     1 |     1 ||     2
 Abil: Heal Wounds       |     1 |     2 |     6 |    13 ||    22
  Use: Scroll            |       |       |    11 |     1 ||    12
  Eat: Chunk             |       |     8 |    11 |     5 ||    24
       Ration            |       |       |     1 |     7 ||     8
Armor: Animal skin       |    11 |       |       |       ||    11
       Chain mail        |    36 |   171 |   104 |       ||   311
       Plate armour      |       |       |   100 |   395 ||   495
Dodge: Dodged            |    62 |   193 |   156 |   188 ||   599
       Deflected         |       |       |       |     3 ||     3
Block: Shield            |       |       |       |   183 ||   183

Table legend:
 A = Non-vault XP
 B = Vault XP
 C = Vault XP percentage of total XP
 D = Non-vault monster count
 E = Vault monster count
 F = Vault count percentage of total count
                 A         B        C        D         E       F
            +---------+---------+-------+---------+---------+-------
      Total |   12113 |    6558 |  35.1 |     299 |      37 |  11.0
            +---------+---------+-------+---------+---------+-------
        D:1 |      28 |       0 |   0.0 |      17 |       0 |   0.0
        D:2 |      58 |      36 |  38.3 |      19 |       1 |   5.0
        D:3 |     158 |       0 |   0.0 |      42 |       0 |   0.0
        D:4 |     287 |       3 |   1.0 |      13 |       1 |   7.1
        D:5 |     804 |      48 |   5.6 |      26 |       1 |   3.7
        D:6 |    1182 |     868 |  42.3 |      36 |       4 |  10.0
        D:7 |    1324 |       0 |   0.0 |      31 |       0 |   0.0
        D:8 |    1740 |    3314 |  65.6 |      34 |       6 |  15.0
        D:9 |    2246 |     207 |   8.4 |      36 |       1 |   2.7
       D:10 |    1786 |    1523 |  46.0 |      33 |      16 |  32.7
       D:11 |    2500 |     559 |  18.3 |      12 |       7 |  36.8
            +---------+---------+-------+---------+---------+-------
